 Dungeon Crawl Stone Soup version 0.27.0-1-g7a089689b8 (webtiles) character file.

Game seed: 2030584486177114099

4392 Lochraine the Blocker (level 10, -1/82 HPs)
             Began as a Formicid Fighter on Aug 6, 2021.
             Was a Priest of Yredelemnul.
             Killed from afar by an electric eel (10 damage)
             ... with a bolt of electricity
             ... on level 7 of the Dungeon.
             The game lasted 00:19:34 (8762 turns).

Lochraine the Blocker (Formicid Fighter)            Turns: 8762, Time: 00:19:34

Health: -1/82      AC: 12    Str: 34    XL:     10   Next: 61%
Magic:  10/10      EV:  9    Int:  8    God:    Yredelemnul [***...]
Gold:   350        SH: 13    Dex: 12    Spells: 9/9 levels left

rFire    . . .     SeeInvis +   h - +1 hand axe (elec)
rCold    . . .     Faith    .   c - +0 kite shield
rNeg     . . .     Spirit   .   e - +0 chain mail
rPois    .         Reflect  .   (helmet unavailable)
rElec    .         Harm     .   (no cloak)
rCorr    .         Rampage  .   (no gloves)
Will     +....                  y - +0 pair of boots
Stlth    ..........             (no amulet)
HPRegen  0.23/turn              j - +6 ring of strength
MPRegen  0.12/turn              D - +6 ring of strength

@: studying Shields
A: permanent stasis, dig shafts and tunnels, antennae 3, four strong arms
a: Dig, Shaft Self, Renounce Religion, Recall Undead Slaves, Injury Mirror,
Animate Dead


You were on level 7 of the Dungeon.
You worshipped Yredelemnul.
Yredelemnul was most pleased with you.
You visited 1 branch of the dungeon, and saw 8 of its levels.
You also visited: Sewer.

You collected 350 gold pieces.

Inventory:

Hand Weapons
 a - a +0 war axe
 h - a +1 hand axe of electrocution (weapon)
 E - a +2 battleaxe of freezing
Missiles
 s - 2 javelins
 w - a throwing net
Armour
 b - a +0 scale mail
 c - a +0 kite shield (worn)
 e - a +0 chain mail (worn)
 y - a +0 pair of boots (worn)
Jewellery
 j - a +6 ring of strength (left hand)
 D - a +6 ring of strength (right hand)
Wands
 n - a wand of iceblast (8)
 z - a wand of digging (9)
Scrolls
 g - a scroll of immolation {unknown}
 k - a scroll of teleportation {unknown}
 l - a scroll of acquirement {unknown}
 o - 2 scrolls of amnesia {unknown}
 r - 2 scrolls of noise {unknown}
 v - 3 scrolls of identify
 x - a scroll of enchant armour {unknown}
 A - 2 scrolls of fear {unknown}
 C - a scroll of magic mapping {unknown}
Potions
 d - 2 potions of might
 f - 2 potions of lignification {unknown}
 i - 3 potions of ambrosia
 m - a potion of curing
 p - 3 potions of flight
 q - a potion of attraction {unknown}
 t - 2 potions of degeneration {unknown}
 u - 3 potions of heal wounds
 B - a potion of brilliance {unknown}


   Skills:
 + Level 8.7 Fighting
 + Level 7.6 Axes
 + Level 8.8 Armour
 + Level 10.6 Shields
 + Level 1.1 Invocations


You had 9 spell levels left.
You didn't know any spells.
Your spell library contained the following spells:

 Spells                   Type           Power      Damage    Failure   Level
 Foxfire                  Conj/Fire      0%         2x1d4     83%         1
 Passwall                 Tmut/Erth      0%         N/A       93%         2
 Conjure Flame            Conj/Fire      0%         6-21      99%         3
 Ignite Poison            Fire/Tmut/Pois 0%         N/A       99%         3
 Inner Flame              Hex/Fire       0%         N/A       99%         3
 Mephitic Cloud           Conj/Pois/Air  0%         N/A       99%         3
 Cause Fear               Hex            0%         N/A       100%        4
 Bolt of Magma            Conj/Fire/Erth 0%         4d4       100%        5
 Invisibility             Hex            0%         N/A       100%        6
 Discord                  Hex            0%         N/A       100%        8
 Swiftness                Air            Unusable   N/A       N/A         3

Dungeon Overview and Level Annotations

Branches:
Dungeon (8/15)             Temple (0/1) D:4           Sewer (visited)
   Lair: D:8-11

Altars:
Ashenzari
Kikubaaqudgha
Makhleb
Nemelex Xobeh
Ru
Vehumet
Yredelemnul

Shops:
D:1 ?   D:3 :   D:7 :

Annotations:
D:6 2 transporters, EnegeticOcto's ghost, novice MiFi
D:7 1 runed translucent door, 1 exclusion, Crazy Yiuf


Innate Abilities, Weirdness & Mutations

You cannot be hasted, slowed, berserked, paralysed or teleported.
You can dig through walls and to a lower floor.
You have a pair of large antennae on your head. (SInv)
Your four strong arms can wield two-handed weapons with a shield.


Message History

The orc warrior barely misses you.
You hit the orc warrior but do no damage.
The orc warrior is moderately wounded.
You block the orc warrior's attack.
You hit the orc warrior.
The orc warrior is heavily wounded.
The orc warrior hits you with a +0 dire flail!
You closely miss the orc warrior.
The orc warrior is heavily wounded.
The orc warrior hits you with a +0 dire flail!
You hit the orc warrior but do no damage.
Lightning courses through the orc warrior!
The orc warrior is almost dead.
You block the orc warrior's attack.
You hit the orc warrior.
You kill the orc warrior!
Yredelemnul accepts your kill.
The orc priest begins to cast a cantrip, but forgets the words!
You slash the orc!
You kill the orc!
Yredelemnul accepts your kill.
The orc priest mumbles some strange prayers to Beogh against you.
Beogh smites you!
The orc priest invokes the aid of Beogh against you.
Beogh smites you!
* * * LOW HITPOINT WARNING * * *
The orc priest mumbles some strange prayers to Beogh against you.
Pain shoots through your body!
* * * LOW HITPOINT WARNING * * *
There is a stone staircase leading up here.
You climb upwards.
Level annotation: 1 runed translucent door, 1 exclusion, Crazy Yiuf The electric eel shoots out a bolt of lightning at you!
The bolt of electricity hits you.
* * * LOW HITPOINT WARNING * * *
There is a stone staircase leading down here.
The electric eel shoots out a bolt of lightning at you!
The bolt of electricity hits you!
You die...
Your body rises from the dead as a mindless zombie.

######## ### ##
#.#.##.###.###.
#..............
#.#.#......###.
####.#.##.###.###.
#....#............
#.####.##.###.###.
#.##........#.###.
#@................
#.>.......[.######
#..#.#.##.#.#
#....#.##.#.#
♣≈...#.##.#.#
##♣;........#.#
#≈♣≈..P≈...##.#
♣≈≈...≈≈.....#
♣≈≈≈...≈≈≈≈♣≈###


You could see an electric eel.

Vanquished Creatures
  Pikel (D:4)
  A troll (D:6)
  Prince Ribbit (D:7)
  A wyvern (D:6)
  A steam dragon (D:7)
  4 vampire mosquitoes (D:6)
  A water moccasin (D:7)
  An orc warrior (D:8)
  An ice beast (D:6)
  A black bear (D:6)
  A necrophage (D:6)
  2 ogres (D:6)
  3 centaurs
  A phantom (D:5)
  A gnoll sergeant (D:5)
  3 kobold brigands
  2 bullfrogs (D:6)
  3 scorpions
  A wyvern skeleton (D:5)
  4 killer bees
  5 wights
  3 centaur zombies
  An orc priest (D:7)
  A centaur skeleton (D:7)
  3 jellies
  A gnoll shaman (D:4)
  Ijyb (D:4)
  Jessica (D:3)
  6 iguanas
  Natasha (thrice) (D:3)
  An orc wizard (D:7)
  A hound skeleton (D:4)
  A howler monkey zombie (D:6)
  6 gnolls
  4 adders
  2 river rats (Sewer)
  A white imp (D:7)
  An ufetubus (D:5)
  An adder zombie (D:3)
  3 worms
  A dart slug (D:1)
  7 orcs
  10 ball pythons
  7 bats
  7 endoplasms
  2 giant cockroaches (D:1)
  6 goblins
  6 hobgoblins
  11 jackals
  3 quokkas
  A ball python zombie (D:3)
  6 frilled lizards
  A giant cockroach zombie (D:3)
  7 kobolds
  7 rats
162 creatures vanquished.

Vanquished Creatures (others)
  An orc (D:7)
  A hobgoblin (D:7)
  14 plants (D:7)
16 creatures vanquished.

Grand Total: 178 creatures vanquished

Notes
Turn   | Place    | Note
-------+----------+-------------------------------------------
     0 | D:1      | Lochraine the Formicid Fighter began the quest for the Orb.
     0 | D:1      | Reached XP level 1. HP: 18/18 MP: 1/1
   180 | D:1      | Found Pasair's Magic Scroll Boutique.
   236 | D:1      | Reached XP level 2. HP: 24/24 MP: 2/2
   408 | D:1      | Reached skill level 4 in Shields
   408 | D:1      | Reached XP level 3. HP: 23/29 MP: 3/3
  1186 | D:2      | Reached XP level 4. HP: 19/37 MP: 4/4
  1854 | D:2      | Found a faded altar of an unknown god.
  2466 | D:3      | Noticed Natasha
  2468 | D:3      | Killed Natasha
  2469 | D:3      | Reached XP level 5. HP: 36/42 MP: 5/5
  2514 | D:3      | Found a basalt altar of Yredelemnul.
  2523 | D:3      | Became a worshipper of Yredelemnul the Dark
  2599 | D:3      | Found Xirchol's Book Shop.
  2661 | D:3      | Found a sparkling altar of Nemelex Xobeh.
  2664 | D:3      | Found an ancient bone altar of Kikubaaqudgha.
  2667 | D:3      | Found a radiant altar of Vehumet.
  2670 | D:3      | Found a broken altar of Ashenzari.
  2840 | D:3      | Noticed Jessica
  2849 | D:3      | Killed Jessica
  2963 | D:3      | Noticed Natasha
  2968 | D:3      | Killed Natasha
  2986 | D:3      | Noticed Natasha
  2995 | D:3      | Killed Natasha
  3028 | D:3      | Reached XP level 6. HP: 49/49 MP: 6/6
  3228 | D:4      | Found a glowing drain.
  3266 | Sewer    | Entered a sewer
  3281 | Sewer    | Reached skill level 5 in Shields
  3360 | Sewer    | Reached * piety under Yredelemnul
  3394 | Sewer    | Found a white marble altar of Elyvilon.
  3473 | D:4      | Found a staircase to the Ecumenical Temple.
  3540 | D:4      | Noticed Pikel
  3555 | D:4      | Killed Pikel
  3556 | D:4      | Reached skill level 5 in Fighting
  3556 | D:4      | Reached skill level 5 in Armour
  3556 | D:4      | Reached skill level 6 in Shields
  3556 | D:4      | Reached XP level 7. HP: 32/56 MP: 7/7
  3556 | D:4      | Reached XP level 8. HP: 36/63 MP: 8/8
  3712 | D:4      | Found a burning altar of Makhleb.
  4189 | D:4      | Noticed Ijyb
  4195 | D:4      | Killed Ijyb
  4350 | D:5      | Entered Level 5 of the Dungeon
  4411 | D:5      | Reached skill level 5 in Axes
  4925 | D:5      | Reached skill level 7 in Shields
  5206 | D:6      | Reached XP level 9. HP: 19/71 MP: 9/9
  5479 | D:6      | Reached ** piety under Yredelemnul
  5659 | D:6      | Noticed a troll
  5680 | D:6      | Reached skill level 8 in Shields
  5717 | D:6      | Killed a troll
  6312 | D:6      | Noticed EnegeticOcto's ghost (novice MiFi)
  6315 | D:6      | Found a transporter.
  6338 | D:6      | Reached skill level 9 in Shields
  6338 | D:6      | Reached XP level 10. HP: 78/80 MP: 10/10
  6526 | D:6      | Found a transporter.
  6902 | D:7      | Found a sacrificial altar of Ru.
  7131 | D:7      | Found a runed translucent door.
  7132 | D:7      | Noticed Crazy Yiuf
  7167 | D:7      | Noticed Prince Ribbit
  7178 | D:7      | Killed Prince Ribbit
  7179 | D:7      | Reached skill level 10 in Shields
  7957 | D:7      | Reached *** piety under Yredelemnul
  8324 | D:7      | Found Ahexekon's Book Emporium.
  8737 | D:8      | Reached skill level 1 in Invocations
  8762 | D:7      | Killed from afar by an electric eel

Illustrated notes

Levels and vault maps discovered:
D:1:      sevenhm_arrival_forest_fort_large_2, layout_loops_ring, serial_shops,
          nicolae_diamond_shop, hangedman_decor_points, kennysheep_pointless_box
D:2:      layout_basic, ebering_ecumenical_altar_sacrificial
D:3:      layout_basic, nicolae_yredelemnul_corpse_copse,
          grunt_temple_overflow_cloverleaf, serial_shops, shop,
          chequers_serial_rivers_micro_c, uniq_jessica, uniq_natasha
D:4:      layout_basic, bloody_makhleb, minmay_temple_entry_hall,
          cheibrodos_sewer_entry_drain, uniq_pikel, uniq_ijyb
D:5:      layout_rooms, hangedman_abyss_or_decor_stagger
D:6:      minmay_diamond_boxcup, layout_loops_corners, gammafunk_ghost_arena,
          minmay_manual_mess
D:7:      layout_basic, nicolae_ru_great_annihilating_truth,
          nicolae_hepliaklqana_hippocampus, serial_shops, nicolae_square_shop,
          serial_bayou, serial_bayou_pond_e, serial_bayou_shore_b,
          serial_bayou_ford_a, serial_bayou_pond_d, uniq_crazy_yiuf_cottage,
          uniq_prince_ribbit1
D:8:      layout_loops_cross, ebering_ghost_gozag

Skill      XL: |  1  2  3  4  5  6  7  8  9 10 |
---------------+-------------------------------+-----
Shields        | 4 6 7 9 10 | 10.6
Armour         | 4 5 6 7 8 |  8.8
Fighting       | 4 5 6 7 8 |  8.7
Axes           | 3 4 5 6 7 |  7.6
Invocations    | 1 |  1.1

Action                   |  1- 3 |  4- 6 |  7- 9 | 10-12 || total
-------------------------+-------+-------+-------+-------++-------
Melee: War axe           |    55 |       |       |       ||    55
       Hand axe          |    41 |   147 |   211 |   158 ||   557
Throw: Throwing net      |       |       |     1 |       ||     1
Invok: Animate Remains   |       |       |     1 |       ||     1
 Abil: Dig               |       |       |       |     2 ||     2
Evoke: Wand              |       |       |     2 |       ||     2
  Use: Potion            |       |       |     2 |       ||     2
       Scroll            |       |       |     1 |       ||     1
 Stab: Held in net/web   |       |       |     1 |       ||     1
       Paralysed         |       |       |       |     1 ||     1
Armor: Chain mail        |    65 |    50 |    76 |    38 ||   229
Dodge: Dodged            |    18 |    33 |    50 |    44 ||   145
Block: Kite shield       |    57 |    71 |   125 |   115 ||   368
